 Dungeon Crawl Stone Soup version 0.30.1-11-g7821555f0a (webtiles) character file.

Game seed: 9763560735169149948

482 porpoise the Shooter (level 6, -13/56 HPs)
             Began as a Minotaur Hunter on Jan 4, 2024.
             Mangled by a two-headed ogre
             ... wielding a +0 dire flail
              (28 damage)
             ... on level 6 of the Dungeon.
             The game lasted 00:08:54 (2231 turns).

porpoise the Shooter (Minotaur Hunter)              Turns: 2231, Time: 00:08:56

Health: -13/56     AC:  5    Str: 16    XL:     6   Next: 87%
Magic:  5/5        EV: 12    Int:  6    God:
Gold:   95         SH:  0    Dex: 21    Spells: 5/5 levels left

rFire   . . .        a - +0 shortbow
rCold   . . .        (shield currently unavailable)
rNeg    . . .        i - +0 ring mail
rPois   .            (helmet restricted)
rElec   .            (no cloak)
rCorr   .            (no gloves)
SInv    .            (no boots)
Will    .....        (no amulet)
Stlth   +            g - +6 ring of dexterity
HPRegen 0.29/turn    (no ring)
MPRegen 0.09/turn

%: no passive effects
@: no status effects
A: horns 2, retaliatory headbutt
a: no special abilities


You were on level 6 of the Dungeon.
You visited 1 branch of the dungeon, and saw 4 of its levels.

You collected 95 gold pieces.

Inventory:

Hand Weapons
 a - a +0 shortbow (weapon)
 b - a +0 hand axe
 j - a +2 dagger of speed
Missiles
 m - 3 poisoned darts
Armour
 i - a +0 ring mail (worn)
Jewellery
 g - a +6 ring of dexterity (left hand)
Scrolls
 d - a scroll of brand weapon {unknown}
 e - a scroll of magic mapping
 n - a scroll of poison {unknown}
 p - 2 scrolls of immolation
 q - a scroll of teleportation {unknown}
Potions
 c - 2 potions of mutation
 f - a potion of cancellation
 h - a potion of curing
 k - a potion of magic {unknown}
 l - a potion of berserk rage {unknown}
 o - a potion of might {unknown}
 r - a potion of haste


   Skills:
 + Level 5.2 Fighting
 + Level 1.5 Axes
 * Level 7.3 Ranged Weapons
 - Level 1.4 Armour
 - Level 2.6 Dodging
 - Level 1.2 Stealth


You had 5 spell levels left.
You didn't know any spells.
Your spell library was empty.

Dungeon Overview and Level Annotations

Branches:
Dungeon (3/15)

Altars:

Shops:
D:3 (


Innate Abilities, Weirdness & Mutations

You have a pair of horns on your head.
You reflexively headbutt those who attack you in melee.


Message History

You shoot an arrow. The arrow closely misses the bullfrog.
The bullfrog hits you. x2
You shoot an arrow. The arrow hits the bullfrog!
You kill the bullfrog!
You start resting.
HP restored.
Found a scroll of identify.
s - a scroll of identify
Okay, then.
As you read the scroll of identify, it crumbles to dust.
h - a potion of curing A two-headed ogre comes into view.
It is wielding a +0 dire flail and a +0 giant club.
Found 5 stones.
The two-headed ogre shouts in stereo!
You shoot an arrow. The arrow hits the two-headed ogre!
The two-headed ogre is lightly wounded.
A phantom comes into view.
You shoot an arrow. The arrow hits the two-headed ogre!
The two-headed ogre is moderately wounded.
You shoot an arrow.
The arrow barely misses the two-headed ogre.
The two-headed ogre hits you with a +0 dire flail.
The two-headed ogre hits you with a +0 giant club!!
The phantom barely misses you. You furiously retaliate!
You headbutt the phantom. You shoot an arrow.
The arrow barely misses the two-headed ogre.
The phantom barely misses you. You furiously retaliate!
You headbutt the phantom.
The two-headed ogre hits you with a +0 dire flail!
The two-headed ogre hits you with a +0 giant club.
You are too injured to fight recklessly!
You shoot an arrow. The arrow hits the two-headed ogre.
The two-headed ogre is moderately wounded.
The phantom hits you.
* * * LOW HITPOINT WARNING * * *
The phantom barely misses you.
The two-headed ogre hits you with a +0 dire flail!!
Ouch! That really hurt!
You die...

#########
#.......#######
#...W@O.......#
#..##########.#
# #.# #.## #O.#
#..# #..# #..#
+..#


You could see a two-headed ogre and a phantom.

Vanquished Creatures
  Sigmund (D:2)
  A bullfrog (D:6)
  2 orc priests (D:3)
  Natasha (thrice) (D:2)
  2 gnolls (D:1)
  5 adders
  3 worms (D:2)
  3 dart slugs (D:1)
  3 orcs (D:3)
  5 ball pythons
  2 bats (D:1)
  6 endoplasms
  5 giant cockroaches
  8 goblins
  3 hobgoblins
  3 quokkas (D:1)
  A frilled lizard (D:2)
  A kobold (D:2)
  2 rats
59 creatures vanquished.

Notes
Turn   | Place    | Note
-------+----------+-------------------------------------------
     0 | D:1      | porpoise the Minotaur Hunter began the quest for the Orb.
     0 | D:1      | Reached XP level 1. HP: 18/18 MP: 0/0
   116 | D:1      | Reached skill level 1 in Stealth
   131 | D:1      | Reached XP level 2. HP: 25/25 MP: 1/1
   255 | D:1      | Reached XP level 3. HP: 20/31 MP: 2/2
   409 | D:1      | Reached skill level 1 in Armour
   412 | D:1      | Reached skill level 5 in Ranged Weapons
   913 | D:2      | Reached XP level 4. HP: 35/38 MP: 3/3
   954 | D:2      | Noticed Natasha
   958 | D:2      | Killed Natasha
  1063 | D:2      | Found a faded altar of an unknown god.
  1102 | D:2      | Noticed Sigmund
  1110 | D:2      | Killed Sigmund
  1111 | D:2      | Reached skill level 6 in Ranged Weapons
  1111 | D:2      | Reached XP level 5. HP: 42/47 MP: 4/4
  1328 | D:2      | Reached XP level 6. HP: 48/53 MP: 5/5
  1382 | D:2      | Noticed Natasha
  1392 | D:2      | Killed Natasha
  1522 | D:2      | Noticed Natasha
  1528 | D:2      | Killed Natasha
  1752 | D:3      | Reached skill level 7 in Ranged Weapons
  1767 | D:3      | Reached skill level 5 in Fighting
  1767 | D:3      | Reached skill level 1 in Axes
  2085 | D:3      | Found Ischetwe's Weapon Boutique.
  2097 | D:3      | You fall into a shaft and drop 3 floors!
  2206 | D:6      | Noticed a two-headed ogre
  2231 | D:6      | Mangled by a two-headed ogre

Illustrated notes

Levels and vault maps discovered:
D:1:      dpeg_arrival_arbitrary_c, layout_basic
D:2:      layout_basic, hellmonk_ecumenical_altar_blasted, uniq_natasha,
          uniq_sigmund
D:3:      layout_loops_ring, fedhas_altar_2, serial_shops, shop,
          uniq_crazy_yiuf_cottage, uniq_robin
D:6:      hellmonk_destroyed_diamonds, layout_loops_ring, kennysheep_crisscross,
          kennysheep_minor_cross, minivault_25, minmay_misc_feat_columns,
          minmay_between, uniq_maggie, uniq_menkaure

Skill      XL: |  1  2  3  4  5  6 |
---------------+-------------------+-----
Stealth        | 1 |  1.2
Fighting       | 3 4 5 |  5.2
Armour         | 1 |  1.4
Ranged Weapons | 5 6 7 |  7.3
Axes           | 1 |  1.5
Dodging        | |  2.6

Action                     |  1- 3 |  4- 6 || total
---------------------------+-------+-------++-------
  Melee: Hand axe          |       |     1 ||     1
   Fire: Shortbow          |    89 |   100 ||   189
    Use: Scroll            |     3 |     2 ||     5
         Potion            |       |     1 ||     1
 Armour: Ring mail         |     7 |    11 ||    18
  Dodge: Dodged            |    17 |    20 ||    37
